 Dungeon Crawl Stone Soup version 0.32-a0-571-gec57dfcd37 (webtiles) character file.

Game seed: 8265138651266379428

10745 bjtr the Geomancer (level 11, -10/58 HPs)
             Began as a Gargoyle Earth Elementalist on Feb 28, 2024.
             Was a Priest of Hepliaklqana.
             Mangled by a komodo dragon (15 damage)
             ... on level 11 of the Dungeon on Mar 1, 2024.
             The game lasted 01:06:23 (14132 turns).

bjtr the Geomancer (Gargoyle Earth Elementalist)   Turns: 14132, Time: 01:06:23

Health: -10/58     AC: 17    Str: 13    XL:     11   Next: 66%
Magic:  21/21      EV: 13    Int: 26    God:    Hepliaklqana [***...]
Gold:   458        SH:  5    Dex: 10    Spells: 13/24 levels left

rFire   x . .        b - +12 glaive of Prune {freeze, Prune}
rCold   + . .        (shield currently unavailable)
rNeg    + . .        W - +0 troll leather armour
rPois   ∞            J - +1 helmet {Int+3}
rElec   +            x - +0 cloak
rCorr   .            O - +1 pair of gloves
SInv    +            (no boots)
Will    .....        Q - amulet of reflection
Stlth   +++          K - ring "Vozoyq" {Ice Fly Int-2 Slay+3 SInv}
HPRegen 1.09/turn    N - +6 ring of intelligence
MPRegen 0.17/turn

%: reflection
@: flying
A: reduced essence, sickness immunity, AC +8, negative energy resistance 1,
electricity resistance, torment resistance 1, petrification resistance
a: Renounce Religion, Recall Ancestor, Ancestor Identity, Transference


You were on level 11 of the Dungeon.
You worshipped Hepliaklqana.
Hepliaklqana was most pleased with you.
You visited 2 branches of the dungeon, and saw 12 of its levels.
You also visited: Sewer and Bailey.

You collected 484 gold pieces.
You spent 26 gold pieces at shops.

Inventory:

Hand Weapons
 a - a +1 war axe of freezing
 b - the +12 glaive of Prune (weapon) {freeze, Prune}
   (You took it off an orc warrior in a bailey)

   Prune:     It halves damage taken while paralysed, petrified or unconscious.
 e - a +0 falchion
 l - a +0 broad axe
 q - a +2 short sword of speed
 s - a +3 dagger
 t - the +6 spear of the Dungeon {protect, ^Fragile rPois Int+7}
   (You found it on level 3 of the Dungeon)

   Int+7:     It affects your intelligence (+7).
   rPois:     It protects you from poison ^Fragile: It will be destroyed if
   unequipped.
 w - a +2 quarterstaff of chaos
 y - a +0 sling
 z - a +0 whip of freezing
 F - a +0 flail
 I - a +0 broad axe
 P - a +1 dagger of speed
Missiles
 n - 30 poisoned darts
 p - 3 atropa-tipped darts
Armour
 c - a +1 leather armour of fire resistance
 i - an orb of mayhem
 x - a +0 cloak (worn)
 E - the +7 chain mail of Okawaru's Supremacy {*Corrode Will+ Str+3}
   (You found it on level 7 of the Dungeon)

   Str+3:     It affects your strength (+3).
   Will+:     It increases your willpower.
   *Corrode:  It may corrode you when you take damage.
 G - +0 steam dragon scales
 J - a +1 helmet of intelligence (worn)
 O - a +1 pair of gloves (worn)
 T - a +3 leather armour
 V - +0 acid dragon scales
 W - a +0 troll leather armour (worn)
Jewellery
 K - the ring "Vozoyq" (left hand) {Ice Fly Int-2 Slay+3 SInv}
   (You acquired it in a bailey)

   [ring of ice]

   Ice:       It enhances your ice magic.
   Int-2:     It affects your intelligence (-2).
   Slay+3:    It affects your accuracy & damage with ranged weapons and melee
   (+3).
   rF-:       It makes you vulnerable to fire.
   rC+:       It protects you from cold.
   SInv:      It lets you see invisible.
   Fly:       It grants you flight.
 L - a ring of fire
 N - a +6 ring of intelligence (right hand)
 Q - an amulet of reflection (around neck)
 S - a +6 ring of intelligence
Talismans
 g - a beast talisman
 k - a flux talisman
Wands
 H - a wand of iceblast (13)
 M - a wand of flame (22)
 R - a wand of paralysis (13)
Scrolls
 h - a scroll of teleportation
 m - 4 scrolls of vulnerability
 u - a scroll of fog
 U - a scroll of blinking
Potions
 d - a potion of might
 f - 2 potions of lignification
 j - 2 potions of haste
 o - a potion of berserk rage
 r - 4 potions of curing
 v - a potion of magic
 A - 3 potions of mutation
 B - a potion of heal wounds
 C - 2 potions of cancellation
 D - a potion of ambrosia {unknown}


   Skills:
 + Level 6.3 Fighting
 - Level 5.1 Armour
 - Level 6.8 Dodging
 + Level 5.6 Stealth
 + Level 2.2 Shields
 + Level 7.2 Spellcasting
 * Level 6.0 Conjurations
 + Level 12.3 Earth Magic


You had 13 spell levels left.
You knew the following spells:

 Your Spells              Type           Power      Damage    Failure   Level
a - Sandblast             Erth           100%       2d20      1%          1
b - Passwall              Erth           65%        N/A       1%          3
c - Stone Arrow           Conj/Erth      100%       3d13      1%          3
d - Brom's Barrelling Bo  Conj/Erth      54%        2d7       1%          4

Your spell library contained the following spells:

 Spells                   Type           Power      Damage    Failure   Level
 Sting                    Conj/Alch      96%        1d9       2%          1
 Petrify                  Alch/Erth      41%        N/A       6%          4
 Ensorcelled Hibernation  Hex/Ice        28%        N/A       12%         2
 Mercury Vapours          Alch/Air       18%        N/A       12%         2
 Iskenderun's Battlesphe  Conj           40%        2d9       19%         5
 Swiftness                Air            9%         N/A       22%         3
 Tukima's Dance           Hex            9%         N/A       22%         3
 Iskenderun's Mystic Bla  Conj/Tloc      24%        2d7       22%         4
 Fireball                 Conj/Fire      12%        3d7       52%         5
 Dimensional Bullseye     Hex/Tloc       4%         N/A       58%         4
 Olgreb's Toxic Radiance  Alch           9%         N/A       58%         4
 Summon Forest            Summ/Tloc      4%         N/A       91%         5
 Conjure Ball Lightning   Conj/Air       12%        3x3d6     98%         6
 Orb of Destruction       Conj           20%        9d8       99%         7
 Eringya's Noxious Bog    Alch           4%         4d6       100%        6
 Summon Hydra             Summ           4%         N/A       100%        7
 Discord                  Hex            4%         N/A       100%        8
 Disjunction              Tloc           4%         N/A       100%        8


Dungeon Overview and Level Annotations

Branches:
Dungeon (11/15)            Temple (1/1) D:6             Orc (0/2) D:9
  Sewer (visited)          Bailey (visited)
   Lair: D:8-11

Altars:
Ashenzari
Cheibriados
Dithmenos
Elyvilon
Fedhas
Gozag
Hepliaklqana
Kikubaaqudgha
Makhleb
Nemelex Xobeh
Okawaru
Qazlal
Ru
Sif Muna
Trog
Uskayaw
Vehumet
Wu Jian
Xom
Yredelemnul
Zin
The Shining One

Shops:
D:10 *

Annotations:
Temple 2 transporters


Innate Abilities, Weirdness & Mutations

Your life essence is reduced to manifest your ancestor. (-10% HP)
You are immune to sickness and miasma.
Your stone body is resilient. (AC +8)
You are immune to poison.
You resist negative energy. (rN+)
You are resistant to electric shocks. (rElec)
You are resistant to unholy torment.
You are immune to petrification.


Message History

The troll bites you! The troll claws you but does no damage.
The troll misses you.
You closely miss the troll.
The troll is almost dead.
The troll bites you. The troll closely misses you. The troll barely misses you.
Seapto casts a spell at the troll.
The puff of frost hits the troll.
The troll bites Seapto.
The troll completely misses Seapto.
The troll closely misses Seapto.
You slash the troll! You freeze the troll.
You kill the troll!
A two-headed ogre comes into view.
It is wielding a +0 giant club and a +0 giant spiked club.
A komodo dragon comes into view.
The two-headed ogre shouts in stereo!
A komodo dragon comes into view.
You see here 17 gold pieces.
You now have 458 gold pieces (gained 17).
Seapto casts a spell at the two-headed ogre.
The puff of frost hits the two-headed ogre!
You slice the two-headed ogre!! You freeze the two-headed ogre!
The two-headed ogre is severely wounded.
Seapto hits the two-headed ogre with a +0 quarterstaff!
The two-headed ogre hits you with a +0 giant club!
The two-headed ogre hits you but does no damage.
Seapto hits the two-headed ogre with a +0 quarterstaff!
The two-headed ogre dies!
You block the komodo dragon's attack.
Your Conjurations skill increases to level 6!
Unknown command.
You hit the komodo dragon. You freeze the komodo dragon.
The komodo dragon is lightly wounded.
The komodo dragon bites you!! x2
* * * LOW HITPOINT WARNING * * *
Seapto hits the komodo dragon with a +0 quarterstaff!!
Unknown command.
The komodo dragon hisses menacingly.
You block the komodo dragon's attack.
Seapto barely misses the komodo dragon.
The komodo dragon attacks as it pursues you!
The komodo dragon bites you!
You die...
Hepliaklqana delivers you to your ancestors.

### #.......#
##.######.#####.#
##......##.#####.#
###.....).......##.##
#.........##.##......
#.###.#.####.......#.
##.#.# #########.
#..#.# #.. #@##.# #..
##.##l##.# ######..
#...l.R..# #.......
#......[.# ...#.##..
#..##.#..# # #... #..
..#..# ##.. #. .##..#
#.. # .. .# ..... ..
.# ###..


You could see the friendly Seapto the battlemage and 2 komodo dragons.

Vanquished Creatures
  Pikel (D:7)
  An orc sorcerer (Bailey)
  A cyclops (D:11)
  A kobold demonologist (Bailey)
  2 trolls
  A hornet (D:10)
  Prince Ribbit (D:7)
  Sigmund (D:3)
  A vampire (D:10)
  2 steam dragons (D:8)
  Menkaure (D:5)
  A water moccasin (D:6)
  A black bear (D:2)
  2 ice beasts
  13 orc warriors
  A sky beast (D:6)
  A crocodile (Sewer)
  An ogre (D:4)
  2 centaurs
  2 phantoms (D:4)
  3 kobold brigands
  A brain worm (Sewer)
  4 bullfrogs
  A scorpion (D:6)
  6 wights
  17 killer bees
  9 electric eels (Bailey)
  3 howler monkeys
  2 crimson imps (D:10)
  3 jellies
  2 bombardier beetles
  A hound (D:5)
  Crazy Yiuf (D:3)
  5 orc priests
  2 gnoll boudas
  4 sleepcaps
  6 iguanas
  5 orc wizards
  16 gnolls
  10 adders
  4 river rats (Sewer)
  2 shadow imps
  4 white imps (D:10)
  6 ufetubi (D:6)
  2 ribbon worms
  2 dart slugs
  32 orcs
  5 endoplasms
  5 giant cockroaches
  19 goblins
  13 hobgoblins
  6 jackals
  11 kobolds
  3 quokkas
  13 ball pythons
  7 bats
  3 frilled lizards
  8 rats
283 creatures vanquished.

Vanquished Creatures (collateral kills)
  A two-headed ogre (D:11)
  A gargoyle (D:10)
  An unseen horror (D:11)
  A troll (D:10)
  A wraith (D:11)
  2 acid dragons
  An orc warrior (Bailey)
  A bullfrog (D:9)
  2 wights (D:10)
  2 crimson imps (D:10)
  An orc wizard (D:9)
  3 gnolls (D:10)
  4 orcs
  4 goblins
  A hobgoblin (Bailey)
26 creatures vanquished.

Vanquished Creatures (others)
  8 ancestors
  6 kobolds (D:8)
14 creatures vanquished.

Grand Total: 323 creatures vanquished

Notes
Turn   | Place    | Note
-------+----------+-------------------------------------------
     0 | D:1      | bjtr the Gargoyle Earth Elementalist began the quest for
                  | the Orb.
     0 | D:1      | Reached XP level 1. HP: 10/10 MP: 3/3
   185 | D:1      | Reached skill level 4 in Earth Magic
   185 | D:1      | Reached XP level 2. HP: 15/15 MP: 1/5
   552 | D:1      | Reached XP level 3. HP: 19/19 MP: 2/6
   852 | D:1      | Found a faded altar of an unknown god.
  1179 | D:2      | Noticed a black bear
  1382 | D:2      | Killed a black bear
  1383 | D:2      | Reached skill level 5 in Earth Magic
  1383 | D:2      | Reached XP level 4. HP: 9/24 MP: 2/8
  1383 | D:2      | Reached XP level 5. HP: 10/28 MP: 2/9
  2026 | D:3      | Identified the +6 spear of the Dungeon {protect, ^Fragile
                  | rPois Int+7}
  2159 | D:3      | Found a runed translucent door.
  2164 | D:3      | Learned a level 3 spell: Passwall
  2168 | D:3      | Learned a level 3 spell: Stone Arrow
  2168 | D:3      | Noticed Crazy Yiuf
  2347 | D:3      | Noticed Sigmund
  2351 | D:3      | Killed Sigmund
  2352 | D:3      | Reached skill level 1 in Fighting
  2352 | D:3      | Reached skill level 6 in Earth Magic
  2352 | D:3      | Reached XP level 6. HP: 34/34 MP: 3/11
  2495 | D:3      | Learned a level 4 spell: Brom's Barrelling Boulder
  3053 | D:3      | Killed Crazy Yiuf
  3255 | D:4      | Reached XP level 7. HP: 38/38 MP: 9/12
  3279 | D:4      | Found a hide-covered altar of Uskayaw.
  3476 | D:4      | Reached skill level 1 in Armour
  3743 | D:4      | Found a basalt altar of Yredelemnul.
  3745 | D:4      | Noticed a profane servitor
  3758 | D:4      | Found a glowing golden altar of the Shining One.
  3761 | D:4      | Noticed an angel
  3823 | D:4      | Reached skill level 7 in Earth Magic
  4272 | D:5      | Entered Level 5 of the Dungeon
  4304 | D:5      | Found a glowing drain.
  4337 | Sewer    | Entered a sewer
  4560 | Sewer    | Reached XP level 8. HP: 38/44 MP: 14/14
  5469 | D:5      | Noticed Menkaure
  5485 | D:5      | Killed Menkaure
  5486 | D:5      | Reached skill level 8 in Earth Magic
  6462 | D:6      | Reached skill level 5 in Dodging
  6462 | D:6      | Reached skill level 5 in Spellcasting
  6462 | D:6      | Reached XP level 9. HP: 39/51 MP: 16/16
  6747 | D:6      | Found a staircase to the Ecumenical Temple.
  6752 | Temple   | Found a transporter.
  6752 | Temple   | Found a transporter.
  6752 | Temple   | Found a transporter.
  6752 | Temple   | Found a transporter.
  6752 | Temple   | Entered the Ecumenical Temple
  6778 | Temple   | Became a worshipper of Hepliaklqana the Forgotten
  6883 | D:6      | Reached skill level 9 in Earth Magic
  8133 | D:7      | Noticed Prince Ribbit
  8144 | D:7      | Killed Prince Ribbit
  8256 | D:7      | Noticed Pikel
  8262 | D:7      | Killed Pikel
  8279 | D:7      | Identified the +7 chain mail of Okawaru's Supremacy
                  | {*Corrode Will+ Str+3}
  8387 | D:7      | Noticed a vault sentinel
  8387 | D:7      | Noticed a vault sentinel
  8495 | D:7      | Upgraded the game from 0.32-a0-520-g344ed53f66 to
                  | 0.32-a0-571-gec57dfcd37
  8504 | D:7      | Reached * piety under Hepliaklqana
  8608 | D:7      | Found a flagged portal.
  8616 | Bailey   | Entered a bailey
  8734 | Bailey   | Reached XP level 10. HP: 29/52 MP: 13/18
  8861 | Bailey   | Reached skill level 10 in Earth Magic
  8967 | Bailey   | Reached skill level 5 in Stealth
  9494 | Bailey   | Noticed a kobold demonologist
  9505 | Bailey   | Killed a kobold demonologist
  9572 | Bailey   | Found an iron altar of Okawaru.
  9583 | Bailey   | Noticed an orc sorcerer
  9599 | Bailey   | Killed an orc sorcerer
  9600 | Bailey   | Reached skill level 11 in Earth Magic
 10115 | Bailey   | Acquired the ring "Vozoyq" {Ice Fly Int-2 Slay+3 SInv}
 11020 | D:8      | Reached skill level 5 in Fighting
 11139 | D:8      | Found a shadowy altar of Dithmenos.
 11775 | D:9      | Reached ** piety under Hepliaklqana
 11851 | D:9      | Reached XP level 11. HP: 24/56 MP: 13/21
 11863 | D:9      | HP: 2/56 [wight/+4 short sword (6)]
 12241 | D:9      | Reached skill level 12 in Earth Magic
 12402 | D:9      | Found a shimmering blue altar of Sif Muna.
 12402 | D:9      | Found a white marble altar of Elyvilon.
 12405 | D:9      | Found an ancient bone altar of Kikubaaqudgha.
 12482 | D:9      | Found a staircase to the Orcish Mines.
 12591 | D:9      | Remembered your ancestor Seapto as a battlemage
 12851 | D:10     | Entered Level 10 of the Dungeon
 12901 | D:10     | Reached skill level 1 in Shields
 13105 | D:10     | Reached skill level 5 in Conjurations
 13434 | D:10     | Found Torphac's General Store.
 13441 | D:10     | Bought a scroll of identify for 26 gold pieces
 13478 | D:10     | Reached skill level 5 in Armour
 13507 | D:10     | Reached *** piety under Hepliaklqana
 13934 | D:11     | Noticed a cyclops
 13940 | D:11     | Killed a cyclops
 14124 | D:11     | Noticed a two-headed ogre
 14129 | D:11     | Killed a two-headed ogre
 14132 | D:11     | Mangled by a komodo dragon

Illustrated notes

Levels and vault maps discovered:
D:1:      minmay_arrival_jagged, layout_loops_ring,
          dreamdust_ecumenical_altar_angels_and_demons
D:2:      layout_loops_ring
D:3:      layout_loops_ring, serial_aquarium, aquarium_bridge_square
          [aquarium_subvault_wall, aquarium_subvault_wall,
          aquarium_subvault_bridge, aquarium_subvault_balcony],
          aquarium_window_fake, aquarium_window_2, aquarium_window_2,
          aquarium_window_1, aquarium_view_2e, uniq_sigmund,
          uniq_crazy_yiuf_cottage
D:4:      layout_cave_pods, grunt_temple_overflow_holy_war,
          nicolae_uskayaw_dance_hall
D:5:      layout_cave_pods, cheibrodos_sewer_entry_drain, dk_noncrumbling_3,
          uniq_menkaure
D:6:      corexii_shantytown, layout_loops_ring, temple_doors_e
D:7:      layout_cave_pools, enter_bailey_3, dk_vineyard_2,
          hellmonk_guarded_unrand_gong, uniq_prince_ribbit1, uniq_pikel
D:8:      layout_cave_pods, nicolae_dithmenos_shadow_blocks, serial_park_tiny_1,
          minmay_misc_feat_square
D:9:      layout_irregular_city, grunt_temple_overflow_diamond, orc_0_dummy,
          minivault_19
D:10:     layout_stronghold, serial_shops, shop, minmay_misc_feat_rows,
          minmay_misc_feat_four_crosses, minmay_fire_ice_demons
D:11:     layout_loops_cross, erik_lair_orcish_takeover
Temple:   hellmonk_temple_divided_pantheon

Skill      XL: |  1  2  3  4  5  6  7  8  9 10 11 |
---------------+----------------------------------+-----
Earth Magic    | 4 5 6 7 8 9 11 12 | 12.3
Dodging        | 2 3 5 6 |  6.8
Spellcasting   | 3 4 5 6 7 |  7.2
Fighting       | 1 2 3 4 5 6 |  6.3
Armour         | 2 3 4 5 |  5.1
Stealth        | 3 4 5 |  5.6
Conjurations   | 2 4 6 |  6.0
Shields        | 2 |  2.2

Action                     |  1- 3 |  4- 6 |  7- 9 | 10-12 || total
---------------------------+-------+-------+-------+-------++-------
  Melee: Hand axe          |    66 |       |       |       ||    66
         War axe           |       |   138 |   387 |    35 ||   560
         Short sword       |       |       |       |   117 ||   117
         Glaive            |       |       |       |   107 ||   107
   Cast: Sandblast         |    40 |     6 |    67 |    24 ||   137
         Stone Arrow       |       |     4 |    35 |    29 ||    68
         Brom's Barrelling |       |       |     3 |    22 ||    25
 Invoke: Recall Ancestor   |       |       |       |     2 ||     2
         Ancestor Life: Ba |       |       |       |     1 ||     1
    Use: Scroll            |       |       |    15 |    11 ||    26
         Potion            |       |       |     1 |     4 ||     5
   Stab: Sleeping          |     1 |     2 |     8 |     3 ||    14
 Armour: Robe              |    62 |    66 |       |       ||   128
         Leather armour    |       |    54 |   383 |   276 ||   713
         Troll leather arm |       |       |       |    28 ||    28
  Dodge: Dodged            |    63 |   134 |   382 |   276 ||   855
         Repelled          |       |     2 |     1 |       ||     3
  Block: Other             |       |       |       |    17 ||    17
         Reflection        |       |       |       |     4 ||     4

Table legend: (Time is in decaauts)
 A = Elapsed time spent in this place.
 B = Non-inter-level travel time spent in this place.
 C = Inter-level travel time spent in this place.
 D = Time resting spent in this place.
 E = Time spent auto-exploring this place.
 F = Levels seen in this place.
 G = Mean time per level.
                   A        B        C        D        E       F      G
               +--------+--------+--------+--------+--------+-----+--------+
         Total |  14777 |  14437 |    340 |   1839 |   8829 |  14 | 1055.5 |
       Dungeon |  11710 |  11377 |    333 |    800 |   7901 |  11 | 1064.5 |
        Temple |     46 |     39 |      7 |      0 |      0 |   1 |   46.0 |
         Sewer |   1277 |   1277 |      0 |      0 |    693 |   1 | 1277.0 |
        Bailey |   1743 |   1743 |      0 |   1039 |    235 |   1 | 1743.0 |
               +--------+--------+--------+--------+--------+-----+--------+

Top non-repeatable levels by time:
     D:6: 1906 daAuts
  Bailey: 1743 daAuts
     D:3: 1321 daAuts
   Sewer: 1277 daAuts
     D:8: 1209 daAuts
     D:4: 1185 daAuts
     D:5: 1153 daAuts
     D:9: 1081 daAuts
    D:10: 1070 daAuts
     D:2: 980 daAuts
     D:1: 978 daAuts
     D:7: 577 daAuts
    D:11: 246 daAuts
  Temple: 46 daAuts
